 Dungeon Crawl Stone Soup version 0.20.1-1-g8b1a95d (webtiles) character file.

53679 polve the Grappler (level 14, -6/121 HPs)
             Began as a Green Draconian Transmuter on July 4, 2017.
             Was the Champion of Okawaru.
             Mangled by a spiny frog (25 damage)
             ... on level 6 of the Lair of Beasts.
             The game lasted 00:55:13 (29335 turns).

polve the Grappler (Green Draconian Transmuter)    Turns: 29335, Time: 00:55:14

Health: -6/121     AC: 17    Str: 12 (13) XL:     14   Next: 31%
Magic:  18/18      EV: 17    Int: 19 (20) God:    Okawaru [******]
Gold:   1031       SH:  3    Dex: 12      Spells: 1/17 levels left

rFire    . . .     SeeInvis .     - Unarmed
rCold    . . .     Gourm    .   (no shield)
rNeg     . . .     Faith    .   (armour unavailable)
rPois    +         Spirit   .   X - +1 hat
rElec    +         Reflect  +   D - +0 cloak
rCorr    .         Harm     .   y - +0 pair of gloves
MR       +....                  V - +2 pair of boots {run}
Stlth    +.........             C - +3 amulet of reflection
Regen    0.3/turn               k - +2 ring of intelligence
MPRegen  0.2/turn               Z - +2 ring of protection

@: quick
A: breathe noxious fumes, unfitting armour, stinger 1, talons 1, deterioration
1, low mp 1, poison resistance, shaggy fur 1, electricity resistance,
cold-blooded, MP-powered wands, AC +8
a: Breathe Noxious Fumes, Heroism, Finesse, Renounce Religion


You were on level 6 of the Lair of Beasts.
You worshipped Okawaru.
Okawaru was exalted by your worship.
You were not hungry.

You visited 2 branches of the dungeon, and saw 17 of its levels.

You collected 1031 gold pieces.

Inventory:

Missiles
 a - 234 arrows (quivered)
Armour
 j - a +1 pair of boots of flying
 y - a +0 pair of gloves (worn)
 D - a +0 cloak (worn)
 V - a +2 pair of boots of running (worn)
 X - a +1 hat (worn)
Jewellery
 k - a +2 ring of intelligence (left hand)
 C - a +3 amulet of reflection (around neck)
 T - an uncursed ring of resist corrosion
 Z - a +2 ring of protection (right hand)
Wands
 s - a wand of scattershot (5/9)
 z - a wand of scattershot (2/9)
 A - a wand of disintegration (8/24)
 N - a wand of flame (20/48)
 O - a wand of iceblast (7/15)
 P - a wand of acid (5/15)
 R - a wand of iceblast (7/15)
 U - a wand of scattershot (3/9)
Scrolls
 d - 8 scrolls of remove curse
 l - 5 scrolls of enchant armour
 n - 4 scrolls of blinking
 o - 3 scrolls of immolation
 u - a scroll of random uselessness {unknown}
 x - 3 scrolls of recharging
 B - 4 scrolls of fear
 E - 4 scrolls of fog
 F - a scroll of teleportation {unknown}
 I - a scroll of summoning {unknown}
 J - 3 scrolls of amnesia
 L - 3 scrolls of magic mapping
 M - a scroll of torment {unknown}
Potions
 b - 2 potions of haste
 f - 2 potions of magic
 h - a potion of agility
 i - a potion of mutation {unknown}
 m - 2 potions of heal wounds
 p - 6 potions of curing
 r - a potion of brilliance {unknown}
 t - 4 potions of ambrosia
 v - 3 potions of flight
 w - 2 potions of resistance {unknown}
 G - 4 potions of lignification
 K - 4 potions of might
 S - a potion of cancellation {unknown}
 W - a potion of berserk rage {unknown}
Comestibles
 c - 10 bread rations
 e - 46 fruits
 g - 13 meat rations
 q - 8 royal jellies
 H - 5 chunks of flesh


   Skills:
 - Level 10.0 Fighting
 - Level 10.0 Dodging
 + Level 0.8 Stealth
 + Level 14.6 Unarmed Combat
 - Level 2.0 Spellcasting
 + Level 4.4 Necromancy
 + Level 4.4 Translocations
 - Level 10.0 Transmutations
 - Level 9.0 Invocations
 - Level 6.0 Evocations


You had one spell level left.
You knew the following spells:

 Your Spells              Type           Power        Failure   Level  Hunger
a - Blade Hands           Tmut           #####.....   8%          5    ######.
b - Sticks to Snakes      Tmut           #####...     1%          2    ###....
c - Apportation           Tloc           ###...       2%          1    #......
d - Corpse Rot            Necr           N/A          4%          2    ###....
e - Ice Form              Ice/Tmut       ###.....     22%         4    #####..
f - Blink                 Tloc           N/A          4%          2    ###....


Dungeon Overview and Level Annotations

Branches:
Dungeon (11/15)            Temple (0/1) D:6            Lair (6/6) D:11
 Shoals (0/4) Lair:2        Snake (0/4) Lair:2        Slime (0/5) Lair:5
    Orc: D:9-12

Altars:
Cheibriados
Okawaru
Uskayaw
Jiyva

Shops:
D:6 :

Annotations:
D:7 2 transporters


Innate Abilities, Weirdness & Mutations

You can breathe blasts of noxious fumes.
Your lurid green scales are hard. (AC +8)
You cannot fit into any form of body armour.
Your tail ends in a poisonous barb.
Your system is resistant to poisons. (rPois)
You are cold-blooded and may be slowed by cold attacks.
You have sharp toenails.
Your body sometimes deteriorates upon taking damage.
Your magical capacity is low. (-10% MP)
You are covered in fur. (AC +1)
You are resistant to electric shocks. (rElec)
You expend magic power (3 MP) to strengthen your wands.


Message History

You hit the komodo dragon but do no damage.
Your tail-slap misses the komodo dragon.
You feel sick. The spiny frog misses you.
You slash the komodo dragon!
You tail-slap the komodo dragon, but do no damage.
The komodo dragon is moderately wounded.
You feel sick. The komodo dragon barely misses you.
The yak gores you but does no damage. The spiny frog stings you!
* * * LOW HITPOINT WARNING * * *
You feel better.
Your hands revert to their normal proportions.
Your +0 pair of gloves unmelds from your body.
The komodo dragon misses you. The yak gores you!
* * * LOW HITPOINT WARNING * * *
The spiny frog closely misses you.
Okay, then.
The komodo dragon closely misses you.
The yak snorts and paws the ground.
The spiny frog stings you!!
You die...

. ####...### #......##. #.....#
###### #........ ##...P# #....#
#....... #.....###....# ..#
#......# #.....##.....# #.##
##......# #..l.........# ...#
#P.....P######..Y..#....### #..#
.P......#.#...#.FP.###.## #..#
PP......†.......@..##..## ###.##
..................P..#..###.P.P##
...................)............#
P.........PP...................##
..........#.P.#................##
........##.#####....#..##.##....#
........#### #P..###.###.#..###
........## #...P...P###...##
........P# #.....P....#...P##


You could see a komodo dragon, a yak and a spiny frog.

Vanquished Creatures
  A slime creature (D:11)
  5 hydras
  6 two-headed ogres
  5 death yaks
  The ghost of PeterLawrence the Basher, a novice MiFi of Okawaru (D:8)
  An ogre mage (D:10)
  Nergalle (D:10)
  An unseen horror (D:10)
  A wolf spider (Lair:6)
  3 elephants (Lair:4)
  Joseph (D:7)
  6 black mambas
  A gargoyle (D:10)
  12 komodo dragons
  14 spiny frogs
  3 torpor snails (Lair:6)
  A freezing wraith (D:10)
  5 rime drakes
  2 trolls
  7 hornets
  2 tyrant leeches (Lair:6)
  12 hippogriffs
  10 blink frogs
  3 redbacks (Lair:6)
  11 wyverns
  3 wraiths
  Sigmund (D:3)
  2 vampires
  32 yaks
  A hungry ghost (D:9)
  A steam dragon (D:10)
  Menkaure (D:7)
  A vampire mosquito (D:10)
  A soldier ant (D:10)
  19 water moccasins
  Duvessa (D:7)
  5 orc warriors
  11 porcupines
  3 phantoms
  2 ice beasts
  2 sky beasts (D:10)
  A necrophage (D:8)
  5 ogres
  7 centaurs
  3 wolves (Lair:2)
  12 crocodiles
  3 big kobolds
  16 bullfrogs
  2 wyvern skeletons (D:10)
  Dowan (D:7)
  6 scorpions
  A water moccasin skeleton (D:10)
  14 killer bees
  12 wights
  5 howler monkeys
  A centaur zombie (D:7)
  4 crimson imps
  6 hounds
  Crazy Yiuf (D:3)
  4 centaur skeletons
  5 orc priests
  3 jellies
  8 orc wizards
  2 bullfrog skeletons
  4 iguanas
  2 hell rats (Lair:3)
  9 worker ants
  2 killer bee zombies
  3 hound skeletons
  Robin (D:2)
  A howler monkey skeleton (D:9)
  13 adders
  3 gnolls (D:9)
  8 river rats (Lair:3)
  5 shadow imps
  3 adder zombies
  3 oozes
  An adder skeleton (D:4)
  2 worms (D:2)
  2 dart slugs
  8 leopard geckos
  31 orcs
  5 giant cockroaches
  14 goblins
  13 hobgoblins
  8 jackals
  12 kobolds
  9 quokkas
  A ball python (D:4)
  4 bats (D:2)
  6 frilled lizards
  2 leopard gecko zombies
  2 quokka zombies
  11 rats
  A plant (D:11)
512 creatures vanquished.

Vanquished Creatures (collateral kills)
  A death yak (Lair:6)
  A hornet (Lair:6)
  2 killer bees
4 creatures vanquished.

Vanquished Creatures (others)
  16 fungi
  43 plants
59 creatures vanquished.

Grand Total: 575 creatures vanquished

Notes
Turn   | Place    | Note
-------+----------+-------------------------------------------
     0 | D:1      | polve the Draconian Transmuter began the quest for the Orb.
     0 | D:1      | Reached XP level 1. HP: 16/16 MP: 3/3
   436 | D:1      | Reached XP level 2. HP: 23/23 MP: 5/5
   747 | D:1      | Learned a level 2 spell: Sticks to Snakes
  1437 | D:2      | Reached XP level 3. HP: 26/28 MP: 6/6
  1527 | D:2      | Noticed Robin
  1549 | D:2      | Killed Robin
  1556 | D:2      | Reached XP level 4. HP: 20/35 MP: 7/7
  2214 | D:2      | Reached skill level 5 in Transmutations
  2269 | D:2      | Learned a level 3 spell: Spider Form
  2411 | D:2      | Reached XP level 5. HP: 28/40 MP: 8/8
  2969 | D:2      | Found a hide-covered altar of Uskayaw.
  2969 | D:2      | Found an iron altar of Okawaru.
  2976 | D:2      | Became a worshipper of Warmaster Okawaru
  3269 | D:3      | Noticed Sigmund
  3553 | D:3      | Killed Sigmund
  3553 | D:3      | Reached XP level 6. HP: 35/47 MP: 6/9
  3858 | D:3      | Found a runed door.
  3863 | D:3      | Noticed Crazy Yiuf
  3881 | D:3      | Killed Crazy Yiuf
  5378 | D:5      | Entered Level 5 of the Dungeon
  5434 | D:5      | Your scales start taking on a lurid green colour.
  5434 | D:5      | Reached XP level 7. HP: 4/52 MP: 10/10
  5434 | D:5      | Gained mutation: Your system is resistant to poisons. (rPois) [Green Draconian growth]
  5995 | D:5      | Found a snail-covered altar of Cheibriados.
  6289 | D:5      | Reached * piety under Okawaru
  7077 | D:6      | Found a staircase to the Ecumenical Temple.
  7559 | D:6      | Reached XP level 8. HP: 53/59 MP: 9/11
  7637 | D:6      | Found Loplolo's Book Emporium.
  7830 | D:6      | Reached skill level 10 in Transmutations
  7837 | D:6      | Learned a level 5 spell: Blade Hands
  8035 | D:6      | Reached skill level 1 in Invocations
  8112 | D:6      | Reached skill level 4 in Unarmed Combat
  8398 | D:7      | Reached ** piety under Okawaru
  8476 | D:7      | Found a transporter.
  8483 | D:7      | Noticed a kobold demonologist
  8543 | D:7      | Found a transporter.
  8545 | D:7      | Noticed Duvessa
  8546 | D:7      | Noticed Dowan
  8565 | D:7      | Killed Duvessa
  8566 | D:7      | Killed Dowan
  8570 | D:7      | Reached skill level 5 in Unarmed Combat
  8640 | D:7      | Noticed a hippogriff
  8644 | D:7      | Reached XP level 9. HP: 39/64 MP: 7/12
  8780 | D:7      | Noticed Joseph
  8825 | D:7      | Killed Joseph
  8825 | D:7      | Reached skill level 6 in Unarmed Combat
  8825 | D:7      | Reached skill level 5 in Invocations
  9130 | D:7      | Reached *** piety under Okawaru
  9670 | D:7      | Noticed Menkaure
  9680 | D:7      | Killed Menkaure
 10009 | D:8      | Noticed PeterLawrence's ghost (novice MiFi)
 10402 | D:8      | Killed PeterLawrence's ghost
 10402 | D:8      | Reached **** piety under Okawaru
 10402 | D:8      | Reached skill level 7 in Unarmed Combat
 10674 | D:8      | Noticed a two-headed ogre
 10684 | D:8      | Killed a two-headed ogre
 10684 | D:8      | Reached skill level 8 in Unarmed Combat
 10684 | D:8      | Reached XP level 10. HP: 53/74 MP: 9/16
 10791 | D:8      | Noticed a two-headed ogre
 10798 | D:8      | Killed a two-headed ogre
 11030 | D:8      | Reached ***** piety under Okawaru
 11748 | D:8      | Noticed a two-headed ogre
 12071 | D:8      | Killed a two-headed ogre
 12071 | D:8      | Reached skill level 5 in Fighting
 12071 | D:8      | Reached skill level 9 in Unarmed Combat
 12808 | D:9      | Received a gift from Okawaru
 13319 | D:9      | Reached skill level 10 in Unarmed Combat
 13319 | D:9      | Reached XP level 11. HP: 64/85 MP: 11/17
 13325 | D:9      | Reached skill level 1 in Evocations
 14106 | D:9      | Noticed a two-headed ogre
 14137 | D:9      | Killed a two-headed ogre
 14439 | D:9      | Reached skill level 5 in Dodging
 14612 | D:10     | Entered Level 10 of the Dungeon
 14634 | D:10     | Noticed a two-headed ogre
 14649 | D:10     | Killed a two-headed ogre
 14649 | D:10     | Reached skill level 5 in Evocations
 14760 | D:10     | Reached ****** piety under Okawaru
 14793 | D:10     | Noticed Nergalle
 14804 | D:10     | Killed Nergalle
 14804 | D:10     | Received a gift from Okawaru
 14819 | D:10     | Identified a +2 pair of boots of running (Okawaru gifted it to you on level 10 of the Dungeon)
 15089 | D:10     | Gained mutation: You are covered in fur. (AC +1) [mutagenic meat]
 15304 | D:10     | Noticed an ogre mage
 15305 | D:10     | Killed an unseen horror
 15308 | D:10     | Killed an ogre mage
 15324 | D:10     | Reached XP level 12. HP: 43/100 MP: 9/18
 15660 | D:10     | Gained mutation: Your body sometimes deteriorates upon taking damage. [mutagenic meat]
 15661 | D:10     | Gained mutation: You expend magic power (3 MP) to strengthen your wands. [mutagenic meat]
 15662 | D:10     | Gained mutation: Your magical capacity is low. (-10% MP) [mutagenic meat]
 15663 | D:10     | Gained mutation: You have sharp toenails. [mutagenic meat]
 15664 | D:10     | Gained mutation: You are resistant to electric shocks. (rElec) [mutagenic meat]
 16747 | D:11     | Noticed a two-headed ogre
 16770 | D:11     | Killed a two-headed ogre
 17361 | D:11     | Found a staircase to the Lair.
 18088 | Lair:1   | Entered Level 1 of the Lair of Beasts
 18394 | Lair:1   | Received a gift from Okawaru
 18725 | Lair:1   | Learned a level 4 spell: Ice Form
 18729 | Lair:1   | Learned a level 1 spell: Apportation
 18732 | Lair:1   | Learned a level 2 spell: Corpse Rot
 18783 | Lair:1   | Reached skill level 1 in Necromancy
 18863 | Lair:1   | Noticed an eight-headed hydra
 18912 | Lair:2   | Reached skill level 10 in Fighting
 19317 | Lair:2   | Noticed an eight-headed hydra
 20402 | Lair:2   | Found a staircase to the Shoals.
 20662 | Lair:2   | Killed an eight-headed hydra
 20662 | Lair:2   | Reached XP level 13. HP: 113/113 MP: 7/17
 21025 | Lair:2   | Received a gift from Okawaru
 21588 | Lair:2   | Found a staircase to the Snake Pit.
 21916 | Lair:3   | Reached skill level 10 in Dodging
 21963 | Lair:3   | Reached skill level 1 in Translocations
 22708 | Lair:3   | Learned a level 2 spell: Blink
 23079 | Lair:3   | Reached skill level 11 in Unarmed Combat
 24508 | Lair:4   | Received a gift from Okawaru
 25581 | Lair:5   | Reached skill level 12 in Unarmed Combat
 25946 | Lair:5   | Found a viscous altar of Jiyva.
 25946 | Lair:5   | Found a staircase to the Slime Pits.
 26629 | Lair:6   | Entered Level 6 of the Lair of Beasts
 27153 | Lair:6   | Reached skill level 13 in Unarmed Combat
 28055 | Lair:5   | Gained mutation: Your tail ends in a poisonous barb. [Green Draconian growth]
 28055 | Lair:5   | Reached XP level 14. HP: 85/121 MP: 13/18
 28058 | Lair:5   | Received a gift from Okawaru
 28279 | Lair:6   | Reached skill level 14 in Unarmed Combat
 28762 | Lair:6   | Paralysed by a hornet for 3 turns
 29316 | Lair:6   | Received a gift from Okawaru
 29335 | Lair:6   | Mangled by a spiny frog

Skill      XL: |  1  2  3  4  5  6  7  8  9 10 11 12 13 14 |
---------------+-------------------------------------------+-----
Transmutations | 3 4 5 6 7 9 10 | 10.0
Invocations    | 4 8 9 |  9.0
Unarmed Combat | 5 8 10 13 14 | 14.6
Fighting       | 2 6 7 10 | 10.0
Dodging        | 2 7 9 10 | 10.0
Evocations     | 6 |  6.0
Necromancy     | 3 4 |  4.4
Translocations | 4 |  4.4
Stealth        | |  0.8
Spellcasting   | |  2.0

Action                   |  1- 3 |  4- 6 |  7- 9 | 10-12 | 13-15 || total
-------------------------+-------+-------+-------+-------+-------++-------
Melee: Unarmed           |    26 |       |   201 |   866 |   648 ||  1741
       Whip              |   109 |   245 |   191 |       |       ||   545
       Tailslap          |    10 |    27 |    36 |   110 |    67 ||   250
       Headbutt          |     1 |    14 |     5 |       |       ||    20
       Punch             |       |       |     5 |    30 |    41 ||    76
 Cast: Beastly Appendage |     2 |    13 |     7 |       |       ||    22
       Sticks to Snakes  |       |     2 |       |       |     5 ||     7
       Blade Hands       |       |       |    10 |    45 |    29 ||    84
       Ice Form          |       |       |       |     1 |       ||     1
Invok: Heroism           |       |       |       |     3 |       ||     3
       Finesse           |       |       |       |     1 |       ||     1
 Abil: Breathe Noxious F |       |       |    14 |    14 |     8 ||    36
Evoke: Wand              |       |       |       |     3 |     5 ||     8
  Use: Scroll            |       |       |     6 |    15 |     7 ||    28
       Potion            |       |       |     2 |     1 |     1 ||     4
 Stab: Confused          |       |       |     5 |     7 |     3 ||    15
       Sleeping          |       |       |     1 |     2 |       ||     3
       Distracted        |       |       |     1 |     1 |       ||     2
  Eat: Chunk             |     2 |    12 |    19 |    53 |    35 ||   121
       Fruit             |       |     1 |     4 |     8 |     6 ||    19
Armor: Skin              |    46 |    98 |   111 |   207 |   163 ||   625
Dodge: Dodged            |    81 |   152 |   204 |   430 |   449 ||  1316
Block: Other             |       |    16 |    40 |    84 |    67 ||   207
       Reflection        |       |       |       |     3 |       ||     3
